 Dungeon Crawl Stone Soup version 0.20.1-1-g8b1a95d (webtiles) character file.

103051 juanjsm the Unseen (level 15, -1/79 HPs)
             Began as a Spriggan Enchanter on Aug 3, 2017.
             Slain by a sea snake (49 damage)
             ... on level 1 of the Shoals on Oct 10, 2017.
             The game lasted 03:59:27 (25419 turns).

juanjsm the Unseen (Spriggan Enchanter)            Turns: 25419, Time: 03:59:28

Health: -1/79      AC:  5    Str:  4    XL:     15   Next: 87%
Magic:  33/33      EV: 40    Int: 24    God:
Gold:   1050       SH:  0    Dex: 28    Spells: 14/41 levels left

rFire    . . .     SeeInvis +   l - +7 Spriggan's Knife {MR+ EV+4 Dex+4 Stlth+}
rCold    . . .     Gourm    +   (shield restricted)
rNeg     + + .     Faith    .   U - +0 robe of Loerris {*Drain rN+ Dex+4 Stlth+}
rPois    .         Spirit   .   (helmet restricted)
rElec    +         Reflect  .   Y - +0 cloak of the Eleven Scars {Dex+3 Slay+3 SInv}
rCorr    .         Harm     .   (gloves unavailable)
MR       ++++.                  (boots unavailable)
Stlth    +++++.....             p - amulet "Qalay" {Gourm rElec rN+ Int+2 Dex-3}
Regen    0.3/turn               n - ring of protection from magic
MPRegen  0.3/turn               z - ring of wizardry

@: sleeping, very slightly contaminated, slow
A: unfitting armour, iridescent scales 1, see invisible, agile 1, herbivore 3,
speed 3, slow metabolism 2
a: no special abilities


You were on level 1 of the Shoals.
You were full.

You visited 5 branches of the dungeon, and saw 25 of its levels.

You collected 2587 gold pieces.
You spent 1537 gold pieces at shops.

Inventory:

Hand Weapons
 l - the +7 Spriggan's Knife (weapon) {MR+ EV+4 Dex+4 Stlth+}
   (You acquired it on level 14 of the Dungeon)

   It affects your evasion (+4).
   It affects your dexterity (+4).
   It affects your resistance to hostile enchantments.
   It makes you more stealthy.
Missiles
 b - 14 poisoned needles
 B - 8 throwing nets (quivered)
Armour
 A - a +2 buckler
 U - the +0 robe of Loerris (worn) {*Drain rN+ Dex+4 Stlth+}
   (You bought it in a shop on level 2 of the Orcish Mines)

   It affects your dexterity (+4).
   It protects you from negative energy.
   It causes draining when unequipped.
   It makes you more stealthy.
 Y - the +0 cloak of the Eleven Scars (worn) {Dex+3 Slay+3 SInv}
   (You acquired it on level 14 of the Dungeon)

   It affects your dexterity (+3).
   It affects your accuracy and damage with ranged weapons and melee attacks
   (+3).
   It lets you see invisible.
Magical Staves
 K - an uncursed staff of energy
Jewellery
 c - an uncursed ring of flight {unknown}
 n - a ring of protection from magic (left hand)
 p - the amulet "Qalay" (around neck) {Gourm rElec rN+ Int+2 Dex-3}
   (You found it on level 3 of the Lair of Beasts)

   [amulet of the gourmand]

   It allows you to eat raw meat even when not hungry.
   It affects your intelligence (+2).
   It affects your dexterity (-3).
   It insulates you from electricity.
   It protects you from negative energy.
 z - a ring of wizardry (right hand)
 E - an uncursed ring of poison resistance
Wands
 u - a wand of clouds (7/9)
Scrolls
 e - 3 scrolls of immolation
 h - 5 scrolls of blinking
 j - 12 scrolls of teleportation
 k - a scroll of summoning {unknown}
 w - 2 scrolls of noise
 y - 2 scrolls of amnesia
 C - 2 scrolls of torment {unknown}
 M - a scroll of magic mapping {unknown}
 O - 3 scrolls of fear
 R - 3 scrolls of fog
Potions
 g - 4 potions of flight
 m - 13 potions of curing
 t - 2 potions of brilliance
 x - a potion of might
 F - a potion of invisibility
 G - 4 potions of resistance
 H - a potion of ambrosia
 J - a potion of lignification
 P - 2 potions of agility
 S - a potion of cancellation
 T - 3 potions of heal wounds
 W - 4 potions of haste
Miscellaneous
 a - a phial of floods
 v - a lamp of fire
Comestibles
 d - 18 bread rations
 D - 20 fruits


   Skills:
 + Level 9.6 Fighting
 - Level 10.4 Short Blades
 - Level 16.2 Dodging
 + Level 16.3 Stealth
 - Level 7.3 Shields
 * Level 13.9 Spellcasting
 + Level 13.2 Hexes
   Level 1.5 Transmutations
 - Level 7.4 Evocations


You had 14 spell levels left.
You knew the following spells:

 Your Spells              Type           Power        Failure   Level  Hunger
a - Corona                Hex            ######.      0%          1    None
b - Ensorcelled Hibernat  Hex/Ice        #####.       1%          2    None
c - Confuse               Hex            ######..     1%          3    None
d - Dazzling Spray        Conj/Hex       #####.       1%          3    None
e - Invisibility          Hex            ######..     1%          6    #####..
f - Silence               Hex/Air        #####.....   2%          5    ###....
g - Mephitic Cloud        Conj/Pois/Air  ###.....     4%          3    None
h - Throw Icicle          Conj/Ice       ###.....     14%         4    None


Dungeon Overview and Level Annotations

Branches:
Dungeon (15/15)            Temple (1/1) D:4            Lair (6/6) D:10
 Shoals (1/4) Lair:3        Snake (0/4) Lair:3        Slime (0/5) Lair:5
    Orc (2/2) D:10            Elf (0/3) Orc:2        Vaults (0/5) D:14
 Depths (0/5) D:15

Altars:
Ashenzari
Cheibriados
Dithmenos
Elyvilon
Fedhas
Gozag
Hepliaklqana
Kikubaaqudgha
Makhleb
Nemelex Xobeh
Qazlal
Ru
Sif Muna
Trog
Uskayaw
Vehumet
Xom
Yredelemnul
Zin
The Shining One
Beogh
Jiyva

Shops:
D:5 :   D:6 (   D:8 *   D:12 ((   Orc:1 (!}!   Orc:2 !}[=*:

Annotations:
D:9 Erica
Lair:1 exclusion: oklob plant


Innate Abilities, Weirdness & Mutations

You are very small and have problems with some larger weapons.
You are too small for most types of armour.
You have supernaturally acute eyesight. (SInv)
You are a herbivore.
You cover ground extremely quickly.
You need consume almost no food.
You are partially covered in iridescent scales. (AC +2)
You are agile. (Dex +2)


Message History

Press: ? - help, Shift-Dir - straight line, f/p - cyclops
Aim: a cyclops (chance to defeat MR: 65%)
The cyclops appears confused.
The dream sheep bleats! x2
You catch the helpless cyclops completely off-guard!
You perforate the cyclops like a sieve!!!
You kill the cyclops!
You are overwhelmed by glittering dream dust!
You feel drowsy...
You fall asleep.
A sea snake comes into view.
The dream sheep bleats!
The dream sheep completely misses you. x2
The sea snake hisses angrily.
The dream sheep completely misses you. The dream sheep bites you!
You wake up.
You are overwhelmed by glittering dream dust!
You feel drowsy...
You fall asleep.
The dream sheep completely misses you. The sea snake bites you!!!
Ouch! That really hurt!
You die...

≈≈≈≈≈≈≈ ≈≈≈≈≈≈≈≈≈≈.≈≈≈.##...≈≈≈
.≈≈≈≈≈≈ ≈≈≈≈≈≈≈≈≈≈≈≈≈≈≈.##.≈≈≈≈≈
..≈≈≈≈≈≈≈≈≈≈≈≈≈≈≈≈≈≈≈≈≈≈....≈≈≈≈≈
....≈≈≈≈≈≈≈≈≈≈≈≈≈≈≈...≈≈....≈≈≈≈≈
.....≈≈≈≈≈≈≈≈≈≈≈≈≈≈.#.≈≈.(..≈≈≈≈≈
...#..≈≈≈≈≈≈≈≈≈≈≈≈≈........≈..≈≈≈
..(# .≈≈≈≈≈≈≈≈≈≈≈≈≈≈.≈≈........≈≈
...# .≈≈≈≈≈≈≈≈≈≈≈≈≈≈≈≈≈≈.........
...# #≈≈≈≈≈≈≈≈Y≈@≈≈≈≈≈≈≈≈.....#..
...###.≈≈≈≈.≈≈≈YYS(≈≈≈≈≈≈≈≈...###
.......≈≈≈≈Y≈YY≈≈≈≈≈≈≈≈≈≈≈≈...# #
.......≈≈≈≈.(≈≈≈≈≈≈≈≈≈≈≈≈≈≈≈..###
...#...≈Y≈Y##≈.≈≈≈≈≈≈≈≈≈≈≈≈≈.....
.###..≈.≈≈.##.≈≈≈≈≈≈≈≈≈≈≈≈≈≈.....
..#..≈≈≈≈≈....≈≈≈≈≈≈≈≈≈≈≈≈≈≈≈≈≈≈≈
......≈≈≈≈.≈≈≈≈≈≈≈≈≈≈≈≈≈≈≈≈≈≈≈≈≈≈
.....SYY≈≈≈≈≈≈≈≈≈≈≈≈≈≈≈≈≈≈≈≈≈≈≈≈≈


You could see a sea snake and 7 dream sheep.

Vanquished Creatures
  A dire elephant (Lair:6)
  Josephine (Lair:4)
  A merfolk impaler (Shoals:1)
  The ghost of ZomBoFoB the Basher, a journeyman OgGl of the Shining One (D:10)
  Fannar (D:10)
  Harold (Lair:4)
  The ghost of equalderp2856 the Cleaver, a journeyman MiFi (Lair:1)
  6 hydras
  A catoblepas (Lair:6)
  2 centaur warriors (D:15)
  5 ogre magi
  20 two-headed ogres
  A merfolk avatar (Shoals:1)
  4 death yaks (Lair:6)
  Urug (D:10)
  A deep troll shaman (Lair:6)
  A tengu warrior (D:14)
  An orc high priest (D:14)
  10 skeletal warriors (D:15)
  2 deep trolls (Orc:2)
  2 unseen horrors
  3 sea snakes (Shoals:1)
  An orb spider (shapeshifter) (D:15)
  5 orc knights
  A deep elf mage (D:13)
  3 fauns (Shoals:1)
  3 ugly things
  2 orc sorcerers
  8 cyclopes
  A manticore (D:14)
  14 elephants
  2 merfolk sirens (Shoals:1)
  Joseph (D:10)
  A black mamba (Lair:1)
  2 centaur zombies
  3 naga magi (D:15)
  A torpor snail (Lair:2)
  2 gargoyles
  12 spiny frogs
  2 rime drakes
  A kobold demonologist (D:14)
  A yaktaur (D:14)
  9 komodo dragons
  3 centaur skeletons (D:15)
  10 merfolk (Shoals:1)
  A harpy zombie (D:15)
  A wind drake (Shoals:1)
  9 trolls
  A polar bear (Lair:6)
  A wolf spider simulacrum (D:15)
  The ghost of vineage the Slasher, an amateur DsBe of Okawaru (D:4)
  13 hippogriffs
  A meliai zombie (D:12)
  8 dream sheep
  14 blink frogs
  A shadow (D:12)
  A tarantella (shapeshifter) (D:8)
  2 wyverns
  4 hogs (D:11)
  27 yaks
  A human (D:11)
  5 wraiths
  Grum (D:10)
  9 basilisks
  A steam dragon (D:12)
  2 hungry ghosts
  3 wargs
  2 acid dragons (D:12)
  4 nagas (Lair:3)
  7 porcupines
  2 soldier ants (D:12)
  12 water moccasins
  3 black bears
  Duvessa (D:4)
  5 ice beasts
  22 orc warriors
  6 sky beasts
  5 phantoms
  25 wolves
  30 ogres
  The ghost of NorthaanB the Grave Robber, an amateur DsNe (D:3)
  17 centaurs
  6 crocodiles
  3 big kobolds (D:14)
  17 bullfrogs
  2 wyvern zombies
  A wyvern skeleton (D:7)
  2 scorpions
  Dowan (D:4)
  3 killer bees (D:10)
  3 wights (D:13)
  2 howler monkeys (D:11)
  8 crimson imps
  A bullfrog zombie (D:5)
  2 quasits
  3 hounds
  6 jellies
  A bullfrog skeleton (D:10)
  15 orc priests
  14 orc wizards
  5 iguanas
  A gnoll shaman (Orc:1)
  4 worker ants
  Natasha (D:2)
  A hound zombie (D:10)
  12 gnolls
  17 adders
  5 shadow imps
  2 oozes
  2 adder skeletons
  A worm (D:6)
  A dart slug (D:2)
  3 leopard geckos
  59 orcs
  8 bats
  5 giant cockroaches
  2 goblins
  10 hobgoblins
  2 jackals (D:9)
  9 kobolds
  4 quokkas
  6 frilled lizards
  2 leopard gecko skeletons
  A leopard gecko zombie (D:6)
  A quokka skeleton (D:7)
  7 rats
665 creatures vanquished.

Vanquished Creatures (others)
  A shadow imp (D:9)
  An orc (D:10)
  11 fungi
  13 plants
26 creatures vanquished.

Grand Total: 691 creatures vanquished

Notes
Turn   | Place    | Note
-------+----------+-------------------------------------------
     0 | D:1      | juanjsm the Spriggan Enchanter began the quest for the Orb.
     0 | D:1      | Reached XP level 1. HP: 9/9 MP: 5/5
   187 | D:1      | Reached XP level 2. HP: 13/13 MP: 4/6
   191 | D:1      | Learned a level 2 spell: Ensorcelled Hibernation
   839 | D:2      | Reached skill level 1 in Fighting
   839 | D:2      | Reached XP level 3. HP: 18/18 MP: 2/8
   844 | D:2      | Learned a level 3 spell: Confuse
   898 | D:2      | Reached skill level 5 in Stealth
  1020 | D:2      | Found a faded altar of an unknown god.
  1021 | D:2      | Noticed Natasha
  1057 | D:2      | Killed Natasha
  1057 | D:2      | Reached XP level 4. HP: 18/22 MP: 5/9
  1311 | D:2      | Learned a level 3 spell: Dazzling Spray
  1361 | D:2      | Reached XP level 5. HP: 24/25 MP: 8/11
  1404 | D:2      | Found a shimmering altar of Xom.
  1404 | D:2      | Found a radiant altar of Vehumet.
  1509 | D:3      | Noticed NorthaanB's ghost (amateur DsNe)
  1874 | D:3      | Killed NorthaanB's ghost
  1874 | D:3      | Reached XP level 6. HP: 13/30 MP: 1/12
  2195 | D:4      | Reached skill level 5 in Dodging
  2257 | D:4      | Noticed Dowan
  2679 | D:4      | Reached skill level 5 in Hexes
  2681 | D:4      | Noticed vineage's ghost (amateur DsBe)
  2786 | D:4      | Noticed Duvessa
  2824 | D:4      | Reached XP level 7. HP: 33/35 MP: 6/14
  2844 | D:4      | Killed vineage's ghost
  3002 | D:4      | Killed Dowan
  3021 | D:4      | Killed Duvessa
  3083 | D:4      | Found a staircase to the Ecumenical Temple.
  3093 | Temple   | Entered the Ecumenical Temple
  3230 | D:5      | Entered Level 5 of the Dungeon
  3230 | D:5      | Found a shadowy altar of Dithmenos.
  3252 | D:5      | Found Wegak's Book Emporium.
  3296 | D:5      | Reached XP level 8. HP: 39/39 MP: 9/16
  3310 | D:5      | Reached skill level 5 in Spellcasting
  3819 | D:5      | Found a glowing golden altar of the Shining One.
  4157 | D:6      | Found Daoff's Weapon Shop.
  4578 | D:6      | Noticed a two-headed ogre
  4647 | D:6      | Reached skill level 1 in Shields
  4909 | D:6      | Killed a two-headed ogre
  4909 | D:6      | Reached skill level 5 in Short Blades
  4909 | D:6      | Reached XP level 9. HP: 25/45 MP: 7/19
  5828 | D:8      | Reached skill level 10 in Stealth
  5855 | D:8      | Found Ynwucuri's Assorted Antiques.
  5877 | D:8      | Bought a scroll of identify for 42 gold pieces
  5877 | D:8      | Bought a scroll of identify for 42 gold pieces
  5989 | D:8      | Found a deep blue altar of Sif Muna.
  6039 | D:8      | Noticed a two-headed ogre
  6046 | D:8      | Killed a two-headed ogre
  6046 | D:8      | Reached XP level 10. HP: 51/51 MP: 18/21
  6216 | D:8      | Bought a fizzy puce potion for 18 gold pieces
  6216 | D:8      | Bought a glowing green potion for 18 gold pieces
  6216 | D:8      | Bought a scroll labeled ISHOPT LUILLAT for 21 gold pieces
  6222 | D:9      | Noticed Erica
  6245 | D:9      | Noticed a two-headed ogre
  6248 | D:9      | Killed a two-headed ogre
  6299 | D:8      | Reached skill level 10 in Dodging
  6378 | D:9      | Noticed a two-headed ogre
  6446 | D:9      | Noticed a salamander
  6625 | D:8      | Noticed an unseen horror
  6625 | D:8      | a salamander changed into an unseen horror
  6642 | D:8      | an unseen horror changed into a tarantella
  7099 | D:10     | Entered Level 10 of the Dungeon
  7213 | D:10     | Found a staircase to the Lair.
  7223 | D:10     | Found a staircase to the Orcish Mines.
  7223 | D:10     | Noticed Urug
  7283 | D:10     | Killed Urug
  7324 | D:10     | Reached skill level 5 in Fighting
  7509 | D:10     | Noticed Fannar
  7562 | D:10     | Noticed a red ugly thing
  7564 | D:10     | Killed a red ugly thing
  7609 | D:10     | Reached XP level 11. HP: 55/55 MP: 20/23
  7865 | Lair:1   | Entered Level 1 of the Lair of Beasts
  8062 | Lair:2   | Gained mutation: Your magical capacity is low. (-10% MP) [potion of mutation]
  8062 | Lair:2   | Gained mutation: You are partially covered in slimy green scales. (AC +2) [potion of mutation]
  8062 | Lair:2   | Gained mutation: You are partially covered in large bone plates. (SH +4) [potion of mutation]
  8063 | Lair:2   | Lost mutation: Your magical capacity is low. (-10% MP) [potion of mutation]
  8063 | Lair:2   | Lost mutation: You are partially covered in large bone plates. (SH +4) [potion of mutation]
  8063 | Lair:2   | Lost mutation: You are partially covered in slimy green scales. (AC +2) [potion of mutation]
  8063 | Lair:2   | Gained mutation: Your magical capacity is low. (-10% MP) [potion of mutation]
  8063 | Lair:2   | Gained mutation: You are partially covered in iridescent scales. (AC +2) [potion of mutation]
  8063 | Lair:2   | Gained mutation: You are partially covered in rugged brown scales. (AC +1, +3% HP) [potion of mutation]
  8296 | Lair:1   | Noticed equalderp2856's ghost (journeyman MiFi)
  8433 | Lair:1   | Noticed a six-headed hydra
  8525 | Lair:1   | Killed equalderp2856's ghost
  8629 | Lair:1   | Killed a six-headed hydra
  8883 | Lair:1   | Noticed an oklob plant
  8947 | Lair:1   | Noticed a four-headed hydra
  8984 | Lair:1   | Killed a four-headed hydra
  9420 | Lair:2   | Reached XP level 12. HP: 63/63 MP: 20/23
  9821 | Lair:2   | Found a sparkling altar of Nemelex Xobeh.
 10409 | Lair:3   | Got a scintillating lead amulet
 10411 | Lair:3   | Identified the amulet "Qalay" {Gourm rElec rN+ Int+2 Dex-3} (You found it on level 3 of the Lair of Beasts)
 10442 | Lair:3   | Found a staircase to the Snake Pit.
 10732 | Lair:3   | Reached skill level 10 in Short Blades
 10839 | Lair:3   | Reached skill level 5 in Shields
 10865 | Lair:3   | Found a staircase to the Shoals.
 11617 | Lair:4   | Noticed an eight-headed hydra
 11637 | Lair:4   | Killed an eight-headed hydra
 11695 | Lair:4   | Noticed a seven-headed hydra
 11702 | Lair:4   | Killed a seven-headed hydra
 11702 | Lair:4   | Reached skill level 10 in Hexes
 11894 | Lair:4   | Noticed Harold
 11909 | Lair:4   | Killed Harold
 11969 | Lair:4   | Reached skill level 1 in Evocations
 12218 | Lair:4   | Noticed Josephine
 12296 | Lair:4   | Killed Josephine
 12321 | Lair:4   | Reached XP level 13. HP: 67/67 MP: 7/24
 13211 | Lair:5   | Found a viscous altar of Jiyva.
 13211 | Lair:5   | Found a staircase to the Slime Pits.
 13625 | Lair:6   | Entered Level 6 of the Lair of Beasts
 14865 | Lair:6   | Reached skill level 10 in Spellcasting
 15655 | Lair:6   | Noticed a dire elephant
 15697 | Lair:6   | Reached skill level 5 in Evocations
 16328 | Lair:6   | Killed a dire elephant
 16520 | Lair:2   | Learned a level 6 spell: Invisibility
 16589 | D:10     | Noticed Grum
 16612 | D:10     | Noticed Joseph
 16636 | D:10     | Reached XP level 14. HP: 64/74 MP: 14/26
 16655 | D:10     | Killed Joseph
 16913 | D:10     | Killed Fannar
 16935 | D:10     | Killed Grum
 16949 | D:10     | Noticed ZomBoFoB's ghost (journeyman OgGl)
 17016 | D:10     | Killed ZomBoFoB's ghost
 17235 | Orc:1    | Entered Level 1 of the Orcish Mines
 17263 | Orc:1    | Found Tyonuux's Distillery.
 17270 | Orc:1    | Bought a potion of lignification for 48 gold pieces
 17270 | Orc:1    | Bought a potion of curing for 48 gold pieces
 17270 | Orc:1    | Bought a potion of curing for 48 gold pieces
 17288 | Orc:1    | Found Davim's Gadget Shoppe.
 17550 | Orc:1    | Found Lewuebecw's Distillery.
 17558 | Orc:1    | Bought a potion of curing for 33 gold pieces
 17558 | Orc:1    | Bought a potion of heal wounds for 55 gold pieces
 17558 | Orc:1    | Bought a potion of heal wounds for 55 gold pieces
 17558 | Orc:1    | Bought a potion of mutation for 88 gold pieces
 17558 | Orc:1    | Bought a potion of curing for 33 gold pieces
 17558 | Orc:1    | Lost mutation: Your magical capacity is low. (-10% MP) [potion of mutation]
 17558 | Orc:1    | Lost mutation: You are partially covered in rugged brown scales. (AC +1, +3% HP) [potion of mutation]
 17558 | Orc:1    | Gained mutation: You are agile. (Dex +2) [potion of mutation]
 17559 | Orc:1    | Bought a potion of flight for 33 gold pieces
 17588 | Orc:1    | Found Plog's Weapon Shoppe.
 17801 | Orc:2    | Entered Level 2 of the Orcish Mines
 17809 | Orc:2    | Reached skill level 15 in Stealth
 18033 | Orc:2    | Found Widemu's Book Emporium.
 18394 | Orc:2    | Bought a book of Dreams for 750 gold pieces
 18400 | Orc:2    | Learned a level 5 spell: Silence
 18790 | Orc:2    | Found Soadupn's Assorted Antiques.
 18836 | Orc:2    | Found Mokhes's Jewellery Shop.
 18843 | Orc:2    | Found Kethrual's Antique Armour Shoppe.
 18844 | Orc:2    | Found Heschogism's Gadget Shoppe.
 19192 | Orc:2    | Found a staircase to the Elven Halls.
 19289 | Orc:2    | Found Upo Ung's Distillery.
 19426 | Orc:2    | Bought a fabulously ornate robe for 205 gold pieces
 19436 | Orc:2    | Identified the +0 robe of Loerris {*Drain rN+ Dex+4 Stlth+} (You bought it in a shop on level 2 of the Orcish Mines)
 20336 | D:12     | Found Caxzoimp's Antique Weapon Shop.
 20339 | D:12     | Found Lavuewni's Antique Weapon Shop.
 20407 | D:12     | Found an opulent altar of Gozag.
 20488 | D:12     | Reached skill level 15 in Dodging
 21472 | D:14     | Found a runed door.
 21933 | D:14     | Identified 2 scrolls of acquirement
 22095 | D:14     | Got a scorched cloak
 22121 | D:14     | Identified the +0 cloak of the Eleven Scars {Dex+3 Slay+3 SInv} (You acquired it on level 14 of the Dungeon)
 22194 | D:14     | Reached XP level 15. HP: 58/78 MP: 10/32
 22270 | D:14     | Found a gate to the Vaults.
 22320 | D:14     | Found a roughly hewn altar of Beogh.
 22546 | D:15     | Entered Level 15 of the Dungeon
 23150 | D:15     | Found a staircase to the Depths.
 23332 | D:15     | Noticed a shadow dragon
 24487 | Lair:2   | Learned a level 3 spell: Mephitic Cloud
 24492 | Lair:2   | Learned a level 4 spell: Throw Icicle
 24499 | Lair:2   | Learned a level 6 spell: Statue Form
 24591 | Shoals:1 | Entered Level 1 of the Shoals
 24768 | Shoals:1 | Reached skill level 1 in Transmutations
 25419 | Shoals:1 | Slain by a sea snake

Skill      XL: |  1  2  3  4  5  6  7  8  9 10 11 12 13 14 15 |
---------------+----------------------------------------------+-----
Fighting       | 1 2 3 4 5 6 7 8 9 |  9.6
Spellcasting   | 3 4 6 7 8 9 10 12 13 | 13.9
Stealth        | 5 6 7 9 10 11 13 14 15 16 | 16.3
Dodging        | 4 5 6 8 9 10 11 12 13 15 16 | 16.2
Hexes          | 4 5 7 8 9 10 11 12 13 | 13.2
Short Blades   | 2 3 5 6 8 9 10 | 10.4
Shields        | 1 2 3 4 5 7 |  7.3
Evocations     | 1 5 7 |  7.4
Transmutations | 1 |  1.5

Action                   |  1- 3 |  4- 6 |  7- 9 | 10-12 | 13-15 || total
-------------------------+-------+-------+-------+-------+-------++-------
Melee: Dagger            |    87 |   108 |   193 |   301 |   567 ||  1256
       Knife             |       |       |       |       |   166 ||   166
 Cast: Corona            |     6 |       |       |       |       ||     6
       Ensorcelled Hiber |    10 |    16 |    57 |   171 |   345 ||   599
       Confuse           |     1 |    12 |    23 |    63 |   127 ||   226
       Dazzling Spray    |       |     1 |     2 |     5 |    31 ||    39
       Invisibility      |       |       |       |       |     5 ||     5
       Throw Icicle      |       |       |       |       |     1 ||     1
  Use: Scroll            |       |       |     9 |     4 |    23 ||    36
       Potion            |       |       |       |     2 |     6 ||     8
 Stab: Sleeping          |    16 |    24 |    44 |    98 |   274 ||   456
       Confused          |     1 |     8 |    15 |    37 |    61 ||   122
       Invisible         |       |     1 |     2 |     3 |    42 ||    48
       Distracted        |       |       |     6 |     2 |     7 ||    15
       Petrified         |       |       |       |       |     2 ||     2
  Eat: Fruit             |       |     2 |     3 |       |     9 ||    14
       Royal jelly       |       |       |       |     4 |     4 ||     8
Armor: Robe              |     6 |    11 |     5 |    20 |    31 ||    73
Dodge: Dodged            |    57 |    65 |    77 |   162 |   455 ||   816
Block: Buckler           |       |       |       |       |   106 ||   106
